 Dungeon Crawl Stone Soup version 0.29.1-13-g9f3cf754e1 (webtiles) character file.

Game seed: 2154670437893325049

6 MisterFreud the Ducker (level 1, 0/10 HPs)
             Began as a Felid Berserker on Feb 1, 2023.
             Was a Follower of Trog.
             Killed from afar by a dart slug (4 damage)
             ... with a slug dart
             ... on level 1 of the Dungeon.
             The game lasted 00:00:21 (50 turns).

MisterFreud the Ducker (Felid Berserker)              Turns: 50, Time: 00:00:21

Health: 0/10       AC:  1    Str: 13    XL:     1   Next: 75%
Magic:  2/2        EV: 18    Int:  8    God:    Trog [*.....]
Gold:   9          SH:  0    Dex: 15    Spells: 0/0 levels left
                                        Lives:  0   Deaths: 0

rFire   . . .      SeeInvis +     - Unarmed
rCold   . . .      Faith    .   (shield unavailable)
rNeg    . . .      Spirit   .   (body armour unavailable)
rPois   .          Reflect  .   (helmet unavailable)
rElec   .          Harm     .   (cloak unavailable)
rCorr   .          Rampage  .   (gloves unavailable)
Will    .....                   (boots unavailable)
Stlth   ++........              (no amulet)
HPRegen 0.03/turn               (no ring)
MPRegen 0.08/turn               (no ring)

@: quick
A: very small, claws 1, fangs 3, see invisible, speed 1, shaggy fur 1, stealthy
paws, no weapons or thrown items, no armour, multi-lived
a: Renounce Religion, Berserk


You were on level 1 of the Dungeon.
You worshipped Trog.
Trog was aware of your devotion.
You visited 1 branch of the dungeon, and saw 1 of its levels.

You collected 9 gold pieces.

You aren't carrying anything.


   Skills:
 - Level 3.0 Fighting
 - Level 4.0 Dodging
 + Level 1.3 Stealth
 + Level 3.2 Unarmed Combat


You couldn't memorise any spells.
You didn't know any spells.
Your spell library was empty.

Dungeon Overview and Level Annotations

Branches:
Dungeon (1/15)

Altars:


Innate Abilities, Weirdness & Mutations

You have sharp claws.
You have razor-sharp teeth.
You have supernaturally acute eyesight. (SInv)
You cover ground quickly. (Speed+)
You are covered in fur. (AC +1)
Your paws help you pounce on unaware monsters.
You are incapable of wielding weapons or throwing items.
You cannot wear armour.
You gain extra lives every three experience levels.


Message History

There are monsters nearby!
You barely miss the goblin. The goblin hits you with a +0 dagger.
There are monsters nearby!
You scratch the rat but do no damage. The goblin misses you.
The rat misses you.
There are monsters nearby!
You scratch the rat.
The rat is severely wounded.
The goblin barely misses you. The rat bites you.
There are monsters nearby!
You scratch the rat.
You kill the rat!
Trog accepts your kill. The goblin hits you with a +0 dagger.
There are monsters nearby!
You are too injured to fight recklessly!
There are monsters nearby!
You are too injured to fight recklessly!
You scratch the goblin.
The goblin is heavily wounded.
The goblin completely misses you.
You scratch the goblin but do no damage.
The goblin is heavily wounded.
The goblin hits you but does no damage.
You scratch the goblin.
You kill the goblin!
Trog accepts your kill.
Found a scroll labelled NOADWICUEPS.
The dart slug barely misses you.
You see here a +0 dagger.
You scratch the dart slug but do no damage.
The dart slug launches a dart at you. The slug dart misses you.
You scratch the dart slug.
The dart slug is heavily wounded.
You scratch the dart slug.
You bite the dart slug, but do no damage.
The dart slug is severely wounded.
The dart slug launches a dart at you. The slug dart hits you.
You die...

.....#...#...##
........##....#
.....#..........
.............####
.............#
........##...#
.#[#.#.)# ...#
#.#.#..##...# .
#.†@........
.......w......##
...##.##.##....
.. ?.. ... ....
#### .... w..
..... .. ....#
...##


You could see a dart slug.

Vanquished Creatures
  An endoplasm (D:1)
  A goblin (D:1)
  3 kobolds (D:1)
  A rat (D:1)
6 creatures vanquished.

Notes
Turn   | Place    | Note
-------+----------+-------------------------------------------
     0 | D:1      | MisterFreud the Felid Berserker began the quest for the
                  | Orb.
     0 | D:1      | Reached XP level 1. HP: 10/10 MP: 2/2
    38 | D:1      | Reached skill level 1 in Stealth
    50 | D:1      | Killed from afar by a dart slug

Illustrated notes

Levels and vault maps discovered:
D:1:      psy_arrival_spokes, layout_loops_ring, minmay_pentomino_z2

Skill      XL: |  1 |
---------------+----+-----
Stealth        | 1 |  1.3
Fighting       | |  3.0
Dodging        | |  4.0
Unarmed Combat | |  3.2

Action                   || total
-------------------------++-------
Melee: Unarmed           ||    17
       Bite              ||     1
Armor: Skin              ||     1
Dodge: Dodged            ||    11
